 Seeded DCSS version 0.30-a0-557-ge2afbf3030 (webtiles) character file.

Game seed: 12390772262208861965 (custom seed)

60 billz999 the Skirmisher (level 4, -3/36 (38) HPs)
             Began as a Gnoll Hunter on Dec 27, 2022.
             Slain by Crazy Yiuf
             ... wielding a +3 quarterstaff of chaos
              (5 damage)
             ... on level 2 of the Dungeon.
             The game lasted 00:02:37 (1500 turns).

billz999 the Skirmisher (Gnoll Hunter)              Turns: 1500, Time: 00:02:37

HP:   -3/36 (38)    AC:  3    Str: 11    XL:     4   Next: 4%
MP:   14/14         EV: 13    Int:  8    God:
Gold: 83            SH:  0    Dex: 17    Spells: 5/5 levels left

rFire   . . .      SeeInvis .    n - +4 dire flail (venom)
rCold   . . .      Faith    .    (shield currently unavailable)
rNeg    . . .      Spirit   .    c - +0 leather armour
rPois   .          Reflect  .    (no helmet)
rElec   .          Harm     .    (no cloak)
rCorr   .          Rampage  .    (no gloves)
Will    .....                    (no boots)
Stlth   ++                       (no amulet)
HPRegen 0.26/turn                g - ring of magical power
MPRegen 0.14/turn                (no ring)

@: lethally poisoned (-3 -> -19), drained
A: fangs 1, strong nose, distributed training
a: no special abilities


You were on level 2 of the Dungeon.
You visited 1 branch of the dungeon, and saw 2 of its levels.

You collected 83 gold pieces.

Inventory:

Hand Weapons
 a - a +0 shortbow
 n - a +4 dire flail of venom (weapon)
Missiles
 o - a throwing net
Armour
 c - a +0 leather armour (worn)
Jewellery
 g - a ring of magical power (left hand)
Scrolls
 b - a scroll of immolation
 d - 2 scrolls of noise
 e - a scroll of fog
 m - a scroll of brand weapon
Potions
 f - a potion of might {unknown}
 h - a potion of degeneration {unknown}
 i - 3 potions of curing {unknown}
 j - a potion of heal wounds {unknown}
 k - a potion of berserk rage {unknown}
 l - a potion of mutation {unknown}


   Skills:
 + Level 4.6 Fighting
 + Level 1.0 Short Blades
 + Level 1.0 Long Blades
 + Level 1.0 Axes
 + Level 1.0 Maces & Flails
 + Level 1.0 Polearms
 + Level 1.0 Staves
 + Level 8.5 Ranged Weapons
 + Level 1.0 Throwing
 + Level 1.0 Armour
 + Level 4.6 Dodging
 + Level 2.5 Stealth
 + Level 1.0 Shields
 + Level 1.0 Unarmed Combat
 + Level 1.0 Spellcasting
 + Level 0.8 Conjurations
 + Level 0.8 Hexes
 + Level 0.8 Summonings
 + Level 0.8 Necromancy
 + Level 0.8 Translocations
 + Level 0.8 Transmutations
 + Level 0.8 Fire Magic
 + Level 0.8 Ice Magic
 + Level 0.8 Air Magic
 + Level 0.8 Earth Magic
 + Level 0.8 Poison Magic
 + Level 1.1 Invocations
 + Level 1.0 Evocations


You had 5 spell levels left.
You didn't know any spells.
Your spell library was empty.

Dungeon Overview and Level Annotations

Branches:
Dungeon (2/15)

Altars:

Shops:
D:1 (

Annotations:
D:2 Crazy Yiuf


Innate Abilities, Weirdness & Mutations

You have very sharp teeth.
Your uncanny sense of smell can sniff out nearby items.
Your experience applies equally to all skills.


Message History

Found a stone staircase leading down.
Okay, then.
There is a stone staircase leading down here.
Found a mace.
o - a throwing net You see here a +0 mace.
Found a stone staircase leading up.
Found 8 stones.
You see here 8 stones.
Found a stone staircase leading up.
p - a scroll of identify
Found an escape hatch in the floor.
You see here a ball python skeleton.
You see here a quokka skeleton.
There is a stone staircase leading up here.
Found a hammer.
Found a runed translucent door.
As you read the scroll of identify, it crumbles to dust.
m - a scroll of brand weapon Crazy Yiuf laughs, "Lugonu!
Ten tired leg."
Okay, then.
Sorry, you're not good enough to have a special ability.
Unknown command.
Okay, then.
Your +4 dire flail of venom begins to drip with poison!
n - a +4 dire flail of venom (weapon)
You open the door. You thump Crazy Yiuf!
Crazy Yiuf is poisoned.
You bite Crazy Yiuf, but do no damage.
Crazy Yiuf is heavily wounded.
Crazy Yiuf says, "Adder!"
Crazy Yiuf hits you with a +3 quarterstaff of chaos!
You are poisoned.
Crazy Yiuf attacks as you move away!
Crazy Yiuf hits you with a +3 quarterstaff of chaos!
You feel very sick. Crazy Yiuf attacks as you move away!
Crazy Yiuf hits you with a +3 quarterstaff of chaos!
* * * LOW HITPOINT WARNING * * *
You feel drained.
You die...

##.##.##...#......#.#####..#####.
#).#..#...................## #.
..##.#..################### #.
..#.....# ### ##### ..#.#...#
#.####..<. ..#.#.<.# ###
♣♣##......### ..#.....# #)..#♣♣
♣♣..#....### ###.....#
#...'g♣♣♣♣........# #.......#
#...#♣@.♣.........# .(.##...# ###
♣♣♣.♣...###### ......#.# ♣♣♣♣♣##
...###### ####


You could see Crazy Yiuf (very poisoned).

Vanquished Creatures
  A gnoll (D:1)
  2 worms (D:2)
  6 bats
  3 endoplasms
  2 giant cockroaches (D:1)
  2 goblins
  3 hobgoblins
  4 quokkas
  7 ball pythons
  3 frilled lizards (D:1)
  4 kobolds (D:1)
  5 rats
42 creatures vanquished.

Vanquished Creatures (others)
  2 plants (D:1)
2 creatures vanquished.

Grand Total: 44 creatures vanquished

Notes
Turn   | Place    | Note
-------+----------+-------------------------------------------
     0 | D:1      | billz999 the Gnoll Hunter began the quest for the Orb.
     0 | D:1      | Reached XP level 1. HP: 20/20 MP: 1/1
   265 | D:1      | Reached XP level 2. HP: 26/26 MP: 2/2
   500 | D:1      | Reached XP level 3. HP: 31/31 MP: 3/3
   623 | D:1      | Found Veang's Antique Weapon Shop.
   728 | D:1      | Reached skill level 1 in Invocations
  1060 | D:2      | Reached skill level 1 in Short Blades
  1060 | D:2      | Reached skill level 1 in Long Blades
  1060 | D:2      | Reached skill level 1 in Axes
  1060 | D:2      | Reached skill level 1 in Maces & Flails
  1060 | D:2      | Reached skill level 1 in Polearms
  1060 | D:2      | Reached skill level 1 in Staves
  1060 | D:2      | Reached skill level 1 in Throwing
  1060 | D:2      | Reached skill level 1 in Armour
  1060 | D:2      | Reached skill level 1 in Shields
  1060 | D:2      | Reached skill level 1 in Unarmed Combat
  1060 | D:2      | Reached skill level 1 in Spellcasting
  1060 | D:2      | Reached skill level 1 in Evocations
  1199 | D:2      | Reached XP level 4. HP: 38/38 MP: 5/5
  1204 | D:2      | Identified a scroll of acquirement
  1204 | D:2      | Acquired a +4 dire flail of venom
  1491 | D:2      | Found a runed translucent door.
  1493 | D:2      | Noticed Crazy Yiuf
  1500 | D:2      | Slain by Crazy Yiuf

Illustrated notes

Levels and vault maps discovered:
D:1:      scummos_arrival_gate, layout_basic, serial_shops,
          nicolae_shop_temple_entry_statues_fountains, serial_forest,
          infiniplex_forest_end_2, infiniplex_forest_clump_small,
          infiniplex_forest_corner_1, infiniplex_forest_clump_small
D:2:      layout_rooms, hex_large, uniq_crazy_yiuf_cottage

Skill      XL: |  1  2  3 |
---------------+----------+-----
Invocations    | 1 |  1.1
Short Blades   | 1 |  1.0
Long Blades    | 1 |  1.0
Axes           | 1 |  1.0
Maces & Flails | 1 |  1.0
Polearms       | 1 |  1.0
Staves         | 1 |  1.0
Throwing       | 1 |  1.0
Armour         | 1 |  1.0
Shields        | 1 |  1.0
Unarmed Combat | 1 |  1.0
Spellcasting   | 1 |  1.0
Evocations     | 1 |  1.0
Fighting       | |  4.6
Ranged Weapons | |  8.5
Dodging        | |  4.6
Stealth        | |  2.5
Conjurations   | |  0.8
Hexes          | |  0.8
Summonings     | |  0.8
Necromancy     | |  0.8
Translocations | |  0.8
Transmutations | |  0.8
Fire Magic     | |  0.8
Ice Magic      | |  0.8
Air Magic      | |  0.8
Earth Magic    | |  0.8
Poison Magic   | |  0.8

Action                   |  1- 3 |  4- 6 || total
-------------------------+-------+-------++-------
Melee: Dire flail        |       |     1 ||     1
       Bite              |       |     1 ||     1
 Fire: Shortbow          |   106 |       ||   106
  Use: Scroll            |     5 |     2 ||     7
Armor: Leather armour    |     7 |       ||     7
Dodge: Dodged            |    16 |       ||    16

Table legend: (Time is in decaauts)
 A = Elapsed time spent in this place.
 B = Non-inter-level travel time spent in this place.
 C = Inter-level travel time spent in this place.
 D = Time resting spent in this place.
 E = Time spent auto-exploring this place.
 F = Levels seen in this place.
 G = Mean time per level.
                   A        B        C        D        E       F      G
               +--------+--------+--------+--------+--------+-----+--------+
         Total |   1511 |   1492 |     19 |    203 |   1089 |   2 |  755.5 |
       Dungeon |   1511 |   1492 |     19 |    203 |   1089 |   2 |  755.5 |
               +--------+--------+--------+--------+--------+-----+--------+

Top non-repeatable levels by time:
     D:1: 998 daAuts
     D:2: 513 daAuts
